Workbook

Sheet COMPAÑIAS GENERALES
A1: INFORMACION REGISTRO UNICO DE PROPONENTES
A2: COMPAÑIAS DE SEGUROS
A3: RELACION DE INFORMACION COMPAÑIAS DE SEGUROS
A4: ASEGURADORA | B4: NIT ASEGURADORA | C4: FECHA CORTE FINANCIERO | D4: CLASIFICACION CIIU | E4: INFORMACION FINANCIERA A 31 DE DICIEMBRE DE 2025 - REGISTRO UNICO DE PROPONENTES | L4: INDICADORES FINANCIEROS | O4: CAPACIDAD ORGANIZACIONAL
E5: ACTIVO CORRIENTE | F5: ACTIVO TOTAL | G5: PASIVO CORRIENTE | H5: PASIVO TOTAL | I5: PATRIMONIO | J5: UTILIDAD / PERDIDA OPERACIONAL | K5: GASTOS DE INTERESES | L5: LIQUIDEZ | M5: NIVEL DE ENDEUDAMIENTO | N5: RAZON DE COBERTURA DE INTERESES | O5: RENTABILIDAD DEL PATRIMONIO | P5: RENTABILIDAD DEL ACTIVO | Q5: CAPITAL DE TRABAJO
A6: SURAMERICANA SEGUROS GENERALES | B6: 890.903.407-7 | C6: 46022 | D6: 84131500 | E6: 1571113514556 | F6: 5697156330439 | G6: 1216700489680 | H6: 4626312329931 | I6: 1070844000508 | J6: 285215514165 | K6: 1789302586 | L6: =ROUNDDOWN((E6/G6),2) -> 1.29 | M6: =ROUNDDOWN((H6/F6),2) -> 0.81 | N6: =ROUNDDOWN((J6/K6),2) -> 159.4 | O6: =+ROUNDDOWN((J6/I6),2) -> 0.26 | P6: =ROUNDDOWN((J6/F6),2) -> 0.05 | Q6: =+E6-G6 -> 354413024876
A7: MAPFRE SEGUROS GENERALES | B7: 891.700.037-9 | C7: 46022 | D7: 84131500 84131600 | E7: 2681953182375 | F7: 3280755039832 | G7: 2479399322146 | H7: 2699018374319 | I7: 581736665513 | J7: 42764557446 | K7: 0 | L7: =ROUNDDOWN((E7/G7),2) -> 1.08 | M7: =ROUNDDOWN((H7/F7),2) -> 0.82 | N7: INDETERMINADO | O7: =+ROUNDDOWN((J7/I7),2) -> 0.07 | P7: =ROUNDDOWN((J7/F7),2) -> 0.01 | Q7: =+E7-G7 -> 202553860229
A8: SEGUROS PREVISORA | B8: 860.002.400-2 | C8: 46022 | D8: 84131500 84131600 | E8: 2367685909881 | F8: 5526386661045 | G8: 837604024523 | H8: 4624589466186 | I8: 901797194859 | J8: 168722329222 | K8: 1454001588 | L8: =ROUNDDOWN((E8/G8),2) -> 2.82 | M8: =ROUNDDOWN((H8/F8),2) -> 0.83 | N8: =ROUNDDOWN((J8/K8),2) -> 116.03 | O8: =+ROUNDDOWN((J8/I8),2) -> 0.18 | P8: =ROUNDDOWN((J8/F8),2) -> 0.03 | Q8: =+E8-G8 -> 1530081885358
A9: ASEGURADORA SOLIDARIA | B9: 860.524.654-6 | C9: 46022 | D9: 84131500 84131600 | E9: 294323320520 | F9: 1433881116612 | G9: 141972359889 | H9: 1021254106598 | I9: 412627010014 | J9: 68260284153 | K9: 596502691 | L9: =ROUNDDOWN((E9/G9),2) -> 2.07 | M9: =ROUNDDOWN((H9/F9),2) -> 0.71 | N9: =ROUNDDOWN((J9/K9),2) -> 114.43 | O9: =+ROUNDDOWN((J9/I9),2) -> 0.16 | P9: =ROUNDDOWN((J9/F9),2) -> 0.04 | Q9: =+E9-G9 -> 152350960631
A10: SEGUROS DEL ESTADO | B10: 860.009.578-6 | C10: 46022 | D10: 84131500 | E10: 970332905950 | F10: 2702043402516 | G10: 352994798159 | H10: 2287387601780 | I10: 414655800736 | J10: 157098864984 | K10: 1842866784 | L10: =ROUNDDOWN((E10/G10),2) -> 2.74 | M10: =ROUNDDOWN((H10/F10),2) -> 0.84 | N10: =ROUNDDOWN((J10/K10),2) -> 85.24 | O10: =+ROUNDDOWN((J10/I10),2) -> 0.37 | P10: =ROUNDDOWN((J10/F10),2) -> 0.05 | Q10: =+E10-G10 -> 617338107791
A11: CHUBB SEGUROS | B11: 860.034.520-6 | C11: 46022 | D11: 84131500 | E11: 1571672674857 | F11: 1893770606665 | G11: 1490692654225 | H11: 1574097966437 | I11: 319672640228 | J11: 88077007687 | K11: 603980320 | L11: =ROUNDDOWN((E11/G11),2) -> 1.05 | M11: =ROUNDDOWN((H11/F11),2) -> 0.83 | N11: =ROUNDDOWN((J11/K11),2) -> 145.82 | O11: =+ROUNDDOWN((J11/I11),2) -> 0.27 | P11: =ROUNDDOWN((J11/F11),2) -> 0.04 | Q11: =+E11-G11 -> 80980020632
A12: ALLIANZ SEGUROS | B12: 860.026.182-5 | C12: 46022 | D12: 84131500 | E12: 1714230754723 | F12: 2489880198512 | G12: 1396949539014 | H12: 2110336677402 | I12: 379543521110 | J12: 145148854430 | K12: 0 | L12: =ROUNDDOWN((E12/G12),2) -> 1.22 | M12: =ROUNDDOWN((H12/F12),2) -> 0.84 | N12: INDETERMINADO | O12: =+ROUNDDOWN((J12/I12),2) -> 0.38 | P12: =ROUNDDOWN((J12/F12),2) -> 0.05 | Q12: =+E12-G12 -> 317281215709
A13: HDI SEGUROS GENERALES | B13: 860.004.875-6 | C13: 46022 | D13: 84131500 84131600 | E13: 1692070410019 | F13: 2832450429674 | G13: 322589786318 | H13: 2283912308994 | I13: 548538120680 | J13: 178646583042 | K13: 367757262 | L13: =ROUNDDOWN((E13/G13),2) -> 5.24 | M13: =ROUNDDOWN((H13/F13),2) -> 0.8 | N13: =ROUNDDOWN((J13/K13),2) -> 485.77 | O13: =+ROUNDDOWN((J13/I13),2) -> 0.32 | P13: =ROUNDDOWN((J13/F13),2) -> 0.06 | Q13: =+E13-G13 -> 1369480623701
A14: SEGUROS MUNDIAL | B14: 860.037.013-6 | C14: 46022 | D14: 84131500 84131600 | E14: 1861291816577 | F14: 3467341653919 | G14: 622895216171 | H14: 3179917328544 | I14: 287424325375 | J14: 168849866877 | K14: 719674219 | L14: =ROUNDDOWN((E14/G14),2) -> 2.98 | M14: =ROUNDDOWN((H14/F14),2) -> 0.91 | N14: =ROUNDDOWN((J14/K14),2) -> 234.61 | O14: =+ROUNDDOWN((J14/I14),2) -> 0.58 | P14: =ROUNDDOWN((J14/F14),2) -> 0.04 | Q14: =+E14-G14 -> 1238396600406
A15: AXA COLPATRIA | B15: 860.002.184-6 | C15: 46022 | D15: 84131500 84131600 | E15: 3525789747830 | F15: 4529363648515 | G15: 2605365080493 | H15: 3921594244994 | I15: 607769403521 | J15: 169144463631 | K15: 123370165 | L15: =ROUNDDOWN((E15/G15),2) -> 1.35 | M15: =ROUNDDOWN((H15/F15),2) -> 0.86 | N15: =ROUNDDOWN((J15/K15),2) -> 1371.03 | O15: =+ROUNDDOWN((J15/I15),2) -> 0.27 | P15: =ROUNDDOWN((J15/F15),2) -> 0.03 | Q15: =+E15-G15 -> 920424667337
A16: ZURICH SEGUROS | B16: 860.002.534-0 | C16: 46022 | D16: 84131500 84131600 | E16: 687700123930 | F16: 1207843488036 | G16: 286217669624 | H16: 1072514149861 | I16: 135329338175 | J16: -79779762715 | K16: 231373636 | L16: =ROUNDDOWN((E16/G16),2) -> 2.4 | M16: =ROUNDDOWN((H16/F16),2) -> 0.88 | N16: =ROUNDDOWN((J16/K16),2) -> -344.8 | O16: =+ROUNDDOWN((J16/I16),2) -> -0.58 | P16: =ROUNDDOWN((J16/F16),2) -> -0.06 | Q16: =+E16-G16 -> 401482454306
A17: SBS SEGUROS | B17: 860.037.707-9 | C17: 46022 | D17: 84131500 84131600 | E17: 1219886575997 | F17: 1839605305075 | G17: 301267288740 | H17: 1535718294583 | I17: 303887010492 | J17: 34164827657 | K17: 0 | L17: =ROUNDDOWN((E17/G17),2) -> 4.04 | M17: =ROUNDDOWN((H17/F17),2) -> 0.83 | N17: INDETERMINADO | O17: =+ROUNDDOWN((J17/I17),2) -> 0.11 | P17: =ROUNDDOWN((J17/F17),2) -> 0.01 | Q17: =+E17-G17 -> 918619287257
A18: LA EQUIDAD SEGUROS GENERALES OC | B18: 860.028.415-5 | C18: 46022 | D18: 84131500 | E18: 925935492970 | F18: 1175763942688 | G18: 729563818393 | H18: 1049699051934 | I18: 126064890754 | J18: 678669084 | K18: 870560920 | L18: =ROUNDDOWN((E18/G18),2) -> 1.26 | M18: =ROUNDDOWN((H18/F18),2) -> 0.89 | N18: =ROUNDDOWN((J18/K18),2) -> 0.77 | O18: =+ROUNDDOWN((J18/I18),2) -> 0 | P18: =ROUNDDOWN((J18/F18),2) -> 0 | Q18: =+E18-G18 -> 196371674577
A19: SEGUROS CONFIANZA | B19: 860.070.374-9 | C19: 46022 | D19: 84131500 84131600 | E19: 543472813764 | F19: 1083247682654 | G19: 94667075200 | H19: 927625046982 | I19: 155622635672 | J19: 45654701619 | K19: 85536292 | L19: =ROUNDDOWN((E19/G19),2) -> 5.74 | M19: =ROUNDDOWN((H19/F19),2) -> 0.85 | N19: =ROUNDDOWN((J19/K19),2) -> 533.74 | O19: =+ROUNDDOWN((J19/I19),2) -> 0.29 | P19: =ROUNDDOWN((J19/F19),2) -> 0.04 | Q19: =+E19-G19 -> 448805738564

Sheet COMPAÑIAS VIDA
A1: INFORMACION REGISTRO UNICO DE PROPONENTES
A2: COMPAÑIAS DE SEGUROS
A3: RELACION DE INFORMACION COMPAÑIAS DE SEGUROS
A4: ASEGURADORA | B4: NIT ASEGURADORA | C4: FECHA CORTE FINANCIERO | D4: CLASIFICACION CIIU | E4: INFORMACION FINANCIERA A 31 DE DICIEMBRE DE 2025 - REGISTRO UNICO DE PROPONENTES | L4: INDICADORES FINANCIEROS | O4: CAPACIDAD ORGANIZACIONAL
E5: ACTIVO CORRIENTE | F5: ACTIVO TOTAL | G5: PASIVO CORRIENTE | H5: PASIVO TOTAL | I5: PATRIMONIO | J5: UTILIDAD / PERDIDA OPERACIONAL | K5: GASTOS DE INTERESES | L5: LIQUIDEZ | M5: NIVEL DE ENDEUDAMIENTO | N5: RAZON DE COBERTURA DE INTERESES | O5: RENTABILIDAD DEL PATRIMONIO | P5: RENTABILIDAD DEL ACTIVO | Q5: CAPITAL DE TRABAJO
A6: SURAMERICANA SEGUROS DE VIDA | B6: 890.903.790-5 | C6: 46022 | D6: 84131600 | E6: 4941389633215 | F6: 19821100731048 | G6: 1174140134126 | H6: 16545253766001 | I6: 3275846965047 | J6: 536726360151 | K6: 15825437439 | L6: =ROUNDDOWN((E6/G6),2) -> 4.2 | M6: =ROUNDDOWN((H6/F6),2) -> 0.83 | N6: =ROUNDDOWN((J6/K6),2)/100 -> 0.3391 | O6: =ROUNDDOWN((J6/I6),2) -> 0.16 | P6: =ROUNDDOWN((J6/F6),2) -> 0.02 | Q6: =+E6-G6 -> 3767249499089
A7: SEGUROS DE VIDA DEL ESTADO | B7: 860.009.174-4 | C7: 46022 | D7: 84131600 | E7: 114749746661 | F7: 192994269511 | G7: 18837882986 | H7: 145673243701 | I7: 47321025810 | J7: 8361352865 | K7: 115233801 | L7: =ROUNDDOWN((E7/G7),2) -> 6.09 | M7: =ROUNDDOWN((H7/F7),2) -> 0.75 | N7: =ROUNDDOWN((J7/K7),2)/100 -> 0.7255 | O7: =ROUNDDOWN((J7/I7),2) -> 0.17 | P7: =ROUNDDOWN((J7/F7),2) -> 0.04 | Q7: =+E7-G7 -> 95911863675
A8: POSITIVA SEGUROS | B8: 860.011.153-6 | C8: 46022 | D8: 84131600 | E8: 1296123227783 | F8: 9764742623042 | G8: 264902276790 | H8: 8497414460232 | I8: 1267328162810 | J8: -3856044255 | K8: 0 | L8: =ROUNDDOWN((E8/G8),2) -> 4.89 | M8: =ROUNDDOWN((H8/F8),2) -> 0.87 | N8: INDETERMINADO | O8: =ROUNDDOWN((J8/I8),2) -> 0 | P8: =ROUNDDOWN((J8/F8),2) -> 0 | Q8: =+E8-G8 -> 1031220950993
A9: ALLIANZ SEGUROS DE VIDA | B9: 860.027.404-1 | C9: 46022 | D9: 84131600 | E9: 1980317517952 | F9: 2000241648920 | G9: 1579380672905 | H9: 1743217373876 | I9: 257024275044 | J9: 9929546790 | K9: 0 | L9: =ROUNDDOWN((E9/G9),2) -> 1.25 | M9: =ROUNDDOWN((H9/F9),2) -> 0.87 | N9: INDETERMINADO | O9: =ROUNDDOWN((J9/I9),2) -> 0.03 | P9: =ROUNDDOWN((J9/F9),2) -> 0 | Q9: =+E9-G9 -> 400936845047
A10: COLMENA SEGUROS DE VIDA | B10: 901.528.731-1 | C10: 46022 | D10: 84131600 | E10: 256295910303 | F10: 461509990214 | G10: 181760288383 | H10: 274995824856 | I10: 186514165358 | J10: 49101999869 | K10: 144115238 | L10: =ROUNDDOWN((E10/G10),2) -> 1.41 | M10: =ROUNDDOWN((H10/F10),2) -> 0.59 | N10: =ROUNDDOWN((J10/K10),2)/100 -> 3.4071 | O10: =ROUNDDOWN((J10/I10),2) -> 0.26 | P10: =ROUNDDOWN((J10/F10),2) -> 0.1 | Q10: =+E10-G10 -> 74535621920
A11: MAPFRE SEGUROS DE VIDA | B11: 830.054.904-6 | C11: 46022 | D11: 84131600 | E11: 1219290158314 | F11: 4781194303641 | G11: 583949903247 | H11: 4510836957833 | I11: 270357345808 | J11: -450435865962 | K11: 0 | L11: =ROUNDDOWN((E11/G11),2) -> 2.08 | M11: =ROUNDDOWN((H11/F11),2) -> 0.94 | N11: INDETERMINADO | O11: =ROUNDDOWN((J11/I11),2) -> -1.66 | P11: =ROUNDDOWN((J11/F11),2) -> -0.09 | Q11: =+E11-G11 -> 635340255067
A12: LA EQUIDAD SEGUROS DE VIDA OC | B12: 830.008.686-1 | C12: 46022 | D12: 84131600 | E12: 564071575470 | F12: 639928491983 | G12: 559299134302 | H12: 559299134302 | I12: 80629357681 | J12: 6053511918 | K12: 9769268 | L12: =ROUNDDOWN((E12/G12),2) -> 1 | M12: =ROUNDDOWN((H12/F12),2) -> 0.87 | N12: =ROUNDDOWN((J12/K12),2)/100 -> 6.1964 | O12: =ROUNDDOWN((J12/I12),2) -> 0.07 | P12: =ROUNDDOWN((J12/F12),2) -> 0 | Q12: =+E12-G12 -> 4772441168
A13: AXA COLPATRIA SEGUROS DE VIDA | B13: 860.002.183-9 | C13: 46022 | D13: 84131600 | E13: 2902675911800 | F13: 4991492600748 | G13: 1293826153990 | H13: 4205008636011 | I13: 786483964737 | J13: 244525280647 | K13: 515547322 | L13: =ROUNDDOWN((E13/G13),2) -> 2.24 | M13: =ROUNDDOWN((H13/F13),2) -> 0.84 | N13: =ROUNDDOWN((J13/K13),2)/100 -> 4.743 | O13: =ROUNDDOWN((J13/I13),2) -> 0.31 | P13: =ROUNDDOWN((J13/F13),2) -> 0.04 | Q13: =+E13-G13 -> 1608849757810
A14: BMI COMPAÑÍA DE SEGUROS DE VIDA | B14: 901.061.386-7 | C14: 46022 | D14: 84131600 | E14: 58151209741 | F14: 214373173528 | G14: 35263926579 | H14: 185805928496 | I14: 28567245032 | J14: 21146971852 | K14: 62337173 | L14: =ROUNDDOWN((E14/G14),2) -> 1.64 | M14: =ROUNDDOWN((H14/F14),2) -> 0.86 | N14: =ROUNDDOWN((J14/K14),2)/100 -> 3.3923 | O14: =ROUNDDOWN((J14/I14),2) -> 0.74 | P14: =ROUNDDOWN((J14/F14),2) -> 0.09 | Q14: =+E14-G14 -> 22887283162
A15: SEGUROS DE VIDA AURORA | B15: 860.022.137-5 | C15: 46022 | D15: 84131600 | E15: 51093447439 | F15: 86217788578 | G15: 8907513239 | H15: 51115066946 | I15: 35102721632 | J15: 1817214588 | K15: 0 | L15: =ROUNDDOWN((E15/G15),2) -> 5.73 | M15: =ROUNDDOWN((H15/F15),2) -> 0.59 | N15: INDETERMINADO | O15: =ROUNDDOWN((J15/I15),2) -> 0.05 | P15: =ROUNDDOWN((J15/F15),2) -> 0.02 | Q15: =+E15-G15 -> 42185934200

Sheet LIQUIDEZ
A2: COMPAÑÍA | B2: LIQUIDEZ
A3: =+'COMPAÑIAS GENERALES'!A6 -> SURAMERICANA SEGUROS GENERALES | B3: =+'COMPAÑIAS GENERALES'!L6 -> 1.29
A4: =+'COMPAÑIAS GENERALES'!A7 -> MAPFRE SEGUROS GENERALES | B4: =+'COMPAÑIAS GENERALES'!L7 -> 1.08
A5: =+'COMPAÑIAS GENERALES'!A8 -> SEGUROS PREVISORA | B5: =+'COMPAÑIAS GENERALES'!L8 -> 2.82
A6: =+'COMPAÑIAS GENERALES'!A9 -> ASEGURADORA SOLIDARIA | B6: =+'COMPAÑIAS GENERALES'!L9 -> 2.07
A7: =+'COMPAÑIAS GENERALES'!A10 -> SEGUROS DEL ESTADO | B7: =+'COMPAÑIAS GENERALES'!L10 -> 2.74
A8: =+'COMPAÑIAS GENERALES'!A11 -> CHUBB SEGUROS | B8: =+'COMPAÑIAS GENERALES'!L11 -> 1.05
A9: =+'COMPAÑIAS GENERALES'!A12 -> ALLIANZ SEGUROS | B9: =+'COMPAÑIAS GENERALES'!L12 -> 1.22 | D9: =MIN(B3:B26) -> 1
A10: =+'COMPAÑIAS GENERALES'!A13 -> HDI SEGUROS GENERALES | B10: =+'COMPAÑIAS GENERALES'!L13 -> 5.24
A11: =+'COMPAÑIAS GENERALES'!A14 -> SEGUROS MUNDIAL | B11: =+'COMPAÑIAS GENERALES'!L14 -> 2.98
A12: =+'COMPAÑIAS GENERALES'!A15 -> AXA COLPATRIA | B12: =+'COMPAÑIAS GENERALES'!L15 -> 1.35
A13: =+'COMPAÑIAS GENERALES'!A16 -> ZURICH SEGUROS | B13: =+'COMPAÑIAS GENERALES'!L16 -> 2.4
A14: =+'COMPAÑIAS GENERALES'!A17 -> SBS SEGUROS | B14: =+'COMPAÑIAS GENERALES'!L17 -> 4.04
A15: =+'COMPAÑIAS GENERALES'!A18 -> LA EQUIDAD SEGUROS GENERALES OC | B15: =+'COMPAÑIAS GENERALES'!L18 -> 1.26
A16: =+'COMPAÑIAS GENERALES'!A19 -> SEGUROS CONFIANZA | B16: =+'COMPAÑIAS GENERALES'!L19 -> 5.74
A17: =+'COMPAÑIAS VIDA'!A6 -> SURAMERICANA SEGUROS DE VIDA | B17: =+'COMPAÑIAS VIDA'!L6 -> 4.2
A18: =+'COMPAÑIAS VIDA'!A7 -> SEGUROS DE VIDA DEL ESTADO | B18: =+'COMPAÑIAS VIDA'!L7 -> 6.09
A19: =+'COMPAÑIAS VIDA'!A8 -> POSITIVA SEGUROS | B19: =+'COMPAÑIAS VIDA'!L8 -> 4.89
A20: =+'COMPAÑIAS VIDA'!A9 -> ALLIANZ SEGUROS DE VIDA | B20: =+'COMPAÑIAS VIDA'!L9 -> 1.25
A21: =+'COMPAÑIAS VIDA'!A10 -> COLMENA SEGUROS DE VIDA | B21: =+'COMPAÑIAS VIDA'!L10 -> 1.41
A22: =+'COMPAÑIAS VIDA'!A11 -> MAPFRE SEGUROS DE VIDA | B22: =+'COMPAÑIAS VIDA'!L11 -> 2.08
A23: =+'COMPAÑIAS VIDA'!A12 -> LA EQUIDAD SEGUROS DE VIDA OC | B23: =+'COMPAÑIAS VIDA'!L12 -> 1
A24: =+'COMPAÑIAS VIDA'!A13 -> AXA COLPATRIA SEGUROS DE VIDA | B24: =+'COMPAÑIAS VIDA'!L13 -> 2.24
A25: =+'COMPAÑIAS VIDA'!A14 -> BMI COMPAÑÍA DE SEGUROS DE VIDA | B25: =+'COMPAÑIAS VIDA'!L14 -> 1.64
A26: =+'COMPAÑIAS VIDA'!A15 -> SEGUROS DE VIDA AURORA | B26: =+'COMPAÑIAS VIDA'!L15 -> 5.73

Sheet ENDEUDAMIENTO
A2: COMPAÑÍA | B2: ENDEUDAMIENTO
A3: =+'COMPAÑIAS GENERALES'!A6 -> SURAMERICANA SEGUROS GENERALES | B3: =+'COMPAÑIAS GENERALES'!M6 -> 0.81
A4: =+'COMPAÑIAS GENERALES'!A7 -> MAPFRE SEGUROS GENERALES | B4: =+'COMPAÑIAS GENERALES'!M7 -> 0.82
A5: =+'COMPAÑIAS GENERALES'!A8 -> SEGUROS PREVISORA | B5: =+'COMPAÑIAS GENERALES'!M8 -> 0.83
A6: =+'COMPAÑIAS GENERALES'!A9 -> ASEGURADORA SOLIDARIA | B6: =+'COMPAÑIAS GENERALES'!M9 -> 0.71
A7: =+'COMPAÑIAS GENERALES'!A10 -> SEGUROS DEL ESTADO | B7: =+'COMPAÑIAS GENERALES'!M10 -> 0.84
A8: =+'COMPAÑIAS GENERALES'!A11 -> CHUBB SEGUROS | B8: =+'COMPAÑIAS GENERALES'!M11 -> 0.83
A9: =+'COMPAÑIAS GENERALES'!A12 -> ALLIANZ SEGUROS | B9: =+'COMPAÑIAS GENERALES'!M12 -> 0.84
A10: =+'COMPAÑIAS GENERALES'!A13 -> HDI SEGUROS GENERALES | B10: =+'COMPAÑIAS GENERALES'!M13 -> 0.8
A11: =+'COMPAÑIAS GENERALES'!A14 -> SEGUROS MUNDIAL | B11: =+'COMPAÑIAS GENERALES'!M14 -> 0.91 | D11: =MAX(B3:B26) -> 0.94
A12: =+'COMPAÑIAS GENERALES'!A15 -> AXA COLPATRIA | B12: =+'COMPAÑIAS GENERALES'!M15 -> 0.86
A13: =+'COMPAÑIAS GENERALES'!A16 -> ZURICH SEGUROS | B13: =+'COMPAÑIAS GENERALES'!M16 -> 0.88
A14: =+'COMPAÑIAS GENERALES'!A17 -> SBS SEGUROS | B14: =+'COMPAÑIAS GENERALES'!M17 -> 0.83
A15: =+'COMPAÑIAS GENERALES'!A18 -> LA EQUIDAD SEGUROS GENERALES OC | B15: =+'COMPAÑIAS GENERALES'!M18 -> 0.89
A16: =+'COMPAÑIAS GENERALES'!A19 -> SEGUROS CONFIANZA | B16: =+'COMPAÑIAS GENERALES'!M19 -> 0.85
A17: =+'COMPAÑIAS VIDA'!A6 -> SURAMERICANA SEGUROS DE VIDA | B17: =+'COMPAÑIAS VIDA'!M6 -> 0.83
A18: =+'COMPAÑIAS VIDA'!A7 -> SEGUROS DE VIDA DEL ESTADO | B18: =+'COMPAÑIAS VIDA'!M7 -> 0.75
A19: =+'COMPAÑIAS VIDA'!A8 -> POSITIVA SEGUROS | B19: =+'COMPAÑIAS VIDA'!M8 -> 0.87
A20: =+'COMPAÑIAS VIDA'!A9 -> ALLIANZ SEGUROS DE VIDA | B20: =+'COMPAÑIAS VIDA'!M9 -> 0.87
A21: =+'COMPAÑIAS VIDA'!A10 -> COLMENA SEGUROS DE VIDA | B21: =+'COMPAÑIAS VIDA'!M10 -> 0.59
A22: =+'COMPAÑIAS VIDA'!A11 -> MAPFRE SEGUROS DE VIDA | B22: =+'COMPAÑIAS VIDA'!M11 -> 0.94
A23: =+'COMPAÑIAS VIDA'!A12 -> LA EQUIDAD SEGUROS DE VIDA OC | B23: =+'COMPAÑIAS VIDA'!M12 -> 0.87
A24: =+'COMPAÑIAS VIDA'!A13 -> AXA COLPATRIA SEGUROS DE VIDA | B24: =+'COMPAÑIAS VIDA'!M13 -> 0.84
A25: =+'COMPAÑIAS VIDA'!A14 -> BMI COMPAÑÍA DE SEGUROS DE VIDA | B25: =+'COMPAÑIAS VIDA'!M14 -> 0.86
A26: =+'COMPAÑIAS VIDA'!A15 -> SEGUROS DE VIDA AURORA | B26: =+'COMPAÑIAS VIDA'!M15 -> 0.59

Sheet COBERTURA DE INTERESES
A2: COMPAÑÍA | B2: RAZÓN DE COBERTURA DE INTERESES
A3: =+'COMPAÑIAS GENERALES'!A6 -> SURAMERICANA SEGUROS GENERALES | B3: =+'COMPAÑIAS GENERALES'!N6 -> 159.4
A4: =+'COMPAÑIAS GENERALES'!A7 -> MAPFRE SEGUROS GENERALES | B4: =+'COMPAÑIAS GENERALES'!N7 -> INDETERMINADO
A5: =+'COMPAÑIAS GENERALES'!A8 -> SEGUROS PREVISORA | B5: =+'COMPAÑIAS GENERALES'!N8 -> 116.03
A6: =+'COMPAÑIAS GENERALES'!A9 -> ASEGURADORA SOLIDARIA | B6: =+'COMPAÑIAS GENERALES'!N9 -> 114.43
A7: =+'COMPAÑIAS GENERALES'!A10 -> SEGUROS DEL ESTADO | B7: =+'COMPAÑIAS GENERALES'!N10 -> 85.24
A8: =+'COMPAÑIAS GENERALES'!A11 -> CHUBB SEGUROS | B8: =+'COMPAÑIAS GENERALES'!N11 -> 145.82
A9: =+'COMPAÑIAS GENERALES'!A12 -> ALLIANZ SEGUROS | B9: =+'COMPAÑIAS GENERALES'!N12 -> INDETERMINADO
A10: =+'COMPAÑIAS GENERALES'!A13 -> HDI SEGUROS GENERALES | B10: =+'COMPAÑIAS GENERALES'!N13 -> 485.77
A11: =+'COMPAÑIAS GENERALES'!A14 -> SEGUROS MUNDIAL | B11: =+'COMPAÑIAS GENERALES'!N14 -> 234.61
A12: =+'COMPAÑIAS GENERALES'!A15 -> AXA COLPATRIA | B12: =+'COMPAÑIAS GENERALES'!N15 -> 1371.03
A13: =+'COMPAÑIAS GENERALES'!A16 -> ZURICH SEGUROS | B13: =+'COMPAÑIAS GENERALES'!N16 -> -344.8
A14: =+'COMPAÑIAS GENERALES'!A17 -> SBS SEGUROS | B14: =+'COMPAÑIAS GENERALES'!N17 -> INDETERMINADO
... A16: =+'COMPAÑIAS GENERALES'!A19 -> SEGUROS CONFIANZA | B16: =+'COMPAÑIAS GENERALES'!N19 -> 533.74
A17: =+'COMPAÑIAS VIDA'!A6 -> SURAMERICANA SEGUROS DE VIDA | B17: =+'COMPAÑIAS VIDA'!N6 -> 0.3391
A18: =+'COMPAÑIAS VIDA'!A7 -> SEGUROS DE VIDA DEL ESTADO | B18: =+'COMPAÑIAS VIDA'!N7 -> 0.7255
A19: =+'COMPAÑIAS VIDA'!A8 -> POSITIVA SEGUROS | B19: =+'COMPAÑIAS VIDA'!N8 -> INDETERMINADO
A20: =+'COMPAÑIAS VIDA'!A9 -> ALLIANZ SEGUROS DE VIDA | B20: =+'COMPAÑIAS VIDA'!N9 -> INDETERMINADO
A21: =+'COMPAÑIAS VIDA'!A10 -> COLMENA SEGUROS DE VIDA | B21: =+'COMPAÑIAS VIDA'!N10 -> 3.4071
A22: =+'COMPAÑIAS VIDA'!A11 -> MAPFRE SEGUROS DE VIDA | B22: =+'COMPAÑIAS VIDA'!N11 -> INDETERMINADO
A23: =+'COMPAÑIAS VIDA'!A12 -> LA EQUIDAD SEGUROS DE VIDA OC | B23: =+'COMPAÑIAS VIDA'!N12 -> 6.1964
A24: =+'COMPAÑIAS VIDA'!A13 -> AXA COLPATRIA SEGUROS DE VIDA | B24: =+'COMPAÑIAS VIDA'!N13 -> 4.743
A25: =+'COMPAÑIAS VIDA'!A14 -> BMI COMPAÑÍA DE SEGUROS DE VIDA | B25: =+'COMPAÑIAS VIDA'!N14 -> 3.3923
A26: =+'COMPAÑIAS VIDA'!A15 -> SEGUROS DE VIDA AURORA | B26: =+'COMPAÑIAS VIDA'!N15 -> INDETERMINADO

Sheet RENTABILIDAD DEL PATRIMONIO
A2: COMPAÑÍA | B2: RENTABILIDAD DEL PATRIMONIO
A3: =+'COMPAÑIAS GENERALES'!A6 -> SURAMERICANA SEGUROS GENERALES | B3: =+'COMPAÑIAS GENERALES'!O6 -> 0.26
A4: =+'COMPAÑIAS GENERALES'!A7 -> MAPFRE SEGUROS GENERALES | B4: =+'COMPAÑIAS GENERALES'!O7 -> 0.07
A5: =+'COMPAÑIAS GENERALES'!A8 -> SEGUROS PREVISORA | B5: =+'COMPAÑIAS GENERALES'!O8 -> 0.18
A6: =+'COMPAÑIAS GENERALES'!A9 -> ASEGURADORA SOLIDARIA | B6: =+'COMPAÑIAS GENERALES'!O9 -> 0.16
A7: =+'COMPAÑIAS GENERALES'!A10 -> SEGUROS DEL ESTADO | B7: =+'COMPAÑIAS GENERALES'!O10 -> 0.37
A8: =+'COMPAÑIAS GENERALES'!A11 -> CHUBB SEGUROS | B8: =+'COMPAÑIAS GENERALES'!O11 -> 0.27
A9: =+'COMPAÑIAS GENERALES'!A12 -> ALLIANZ SEGUROS | B9: =+'COMPAÑIAS GENERALES'!O12 -> 0.38
A10: =+'COMPAÑIAS GENERALES'!A13 -> HDI SEGUROS GENERALES | B10: =+'COMPAÑIAS GENERALES'!O13 -> 0.32
A11: =+'COMPAÑIAS GENERALES'!A14 -> SEGUROS MUNDIAL | B11: =+'COMPAÑIAS GENERALES'!O14 -> 0.58
A12: =+'COMPAÑIAS GENERALES'!A15 -> AXA COLPATRIA | B12: =+'COMPAÑIAS GENERALES'!O15 -> 0.27
A13: =+'COMPAÑIAS GENERALES'!A16 -> ZURICH SEGUROS | B13: =+'COMPAÑIAS GENERALES'!O16 -> -0.58
A14: =+'COMPAÑIAS GENERALES'!A17 -> SBS SEGUROS | B14: =+'COMPAÑIAS GENERALES'!O17 -> 0.11
... A16: =+'COMPAÑIAS GENERALES'!A19 -> SEGUROS CONFIANZA | B16: =+'COMPAÑIAS GENERALES'!O19 -> 0.29
A17: =+'COMPAÑIAS VIDA'!A6 -> SURAMERICANA SEGUROS DE VIDA | B17: =+'COMPAÑIAS VIDA'!O6 -> 0.16
A18: =+'COMPAÑIAS VIDA'!A7 -> SEGUROS DE VIDA DEL ESTADO | B18: =+'COMPAÑIAS VIDA'!O7 -> 0.17
A19: =+'COMPAÑIAS VIDA'!A8 -> POSITIVA SEGUROS | B19: =+'COMPAÑIAS VIDA'!O8 -> 0
A20: =+'COMPAÑIAS VIDA'!A9 -> ALLIANZ SEGUROS DE VIDA | B20: =+'COMPAÑIAS VIDA'!O9 -> 0.03
A21: =+'COMPAÑIAS VIDA'!A10 -> COLMENA SEGUROS DE VIDA | B21: =+'COMPAÑIAS VIDA'!O10 -> 0.26
A22: =+'COMPAÑIAS VIDA'!A11 -> MAPFRE SEGUROS DE VIDA | B22: =+'COMPAÑIAS VIDA'!O11 -> -1.66
A23: =+'COMPAÑIAS VIDA'!A12 -> LA EQUIDAD SEGUROS DE VIDA OC | B23: =+'COMPAÑIAS VIDA'!O12 -> 0.07
A24: =+'COMPAÑIAS VIDA'!A13 -> AXA COLPATRIA SEGUROS DE VIDA | B24: =+'COMPAÑIAS VIDA'!O13 -> 0.31
A25: =+'COMPAÑIAS VIDA'!A14 -> BMI COMPAÑÍA DE SEGUROS DE VIDA | B25: =+'COMPAÑIAS VIDA'!O14 -> 0.74
A26: =+'COMPAÑIAS VIDA'!A15 -> SEGUROS DE VIDA AURORA | B26: =+'COMPAÑIAS VIDA'!O15 -> 0.05

Sheet RENTABILIDAD DEL ACTIVO
A2: COMPAÑÍA | B2: RENTABILIDAD DEL ACTIVO
A3: =+'COMPAÑIAS GENERALES'!A6 -> SURAMERICANA SEGUROS GENERALES | B3: =+'COMPAÑIAS GENERALES'!P6 -> 0.05
A4: =+'COMPAÑIAS GENERALES'!A7 -> MAPFRE SEGUROS GENERALES | B4: =+'COMPAÑIAS GENERALES'!P7 -> 0.01
A5: =+'COMPAÑIAS GENERALES'!A8 -> SEGUROS PREVISORA | B5: =+'COMPAÑIAS GENERALES'!P8 -> 0.03
A6: =+'COMPAÑIAS GENERALES'!A9 -> ASEGURADORA SOLIDARIA | B6: =+'COMPAÑIAS GENERALES'!P9 -> 0.04
A7: =+'COMPAÑIAS GENERALES'!A10 -> SEGUROS DEL ESTADO | B7: =+'COMPAÑIAS GENERALES'!P10 -> 0.05
A8: =+'COMPAÑIAS GENERALES'!A11 -> CHUBB SEGUROS | B8: =+'COMPAÑIAS GENERALES'!P11 -> 0.04
A9: =+'COMPAÑIAS GENERALES'!A12 -> ALLIANZ SEGUROS | B9: =+'COMPAÑIAS GENERALES'!P12 -> 0.05
A10: =+'COMPAÑIAS GENERALES'!A13 -> HDI SEGUROS GENERALES | B10: =+'COMPAÑIAS GENERALES'!P13 -> 0.06
A11: =+'COMPAÑIAS GENERALES'!A14 -> SEGUROS MUNDIAL | B11: =+'COMPAÑIAS GENERALES'!P14 -> 0.04
A12: =+'COMPAÑIAS GENERALES'!A15 -> AXA COLPATRIA | B12: =+'COMPAÑIAS GENERALES'!P15 -> 0.03
A13: =+'COMPAÑIAS GENERALES'!A16 -> ZURICH SEGUROS | B13: =+'COMPAÑIAS GENERALES'!P16 -> -0.06
A14: =+'COMPAÑIAS GENERALES'!A17 -> SBS SEGUROS | B14: =+'COMPAÑIAS GENERALES'!P17 -> 0.01
... A16: =+'COMPAÑIAS GENERALES'!A19 -> SEGUROS CONFIANZA | B16: =+'COMPAÑIAS GENERALES'!P19 -> 0.04
A17: =+'COMPAÑIAS VIDA'!A6 -> SURAMERICANA SEGUROS DE VIDA | B17: =+'COMPAÑIAS VIDA'!P6 -> 0.02
A18: =+'COMPAÑIAS VIDA'!A7 -> SEGUROS DE VIDA DEL ESTADO | B18: =+'COMPAÑIAS VIDA'!P7 -> 0.04
A19: =+'COMPAÑIAS VIDA'!A8 -> POSITIVA SEGUROS | B19: =+'COMPAÑIAS VIDA'!P8 -> 0
A20: =+'COMPAÑIAS VIDA'!A9 -> ALLIANZ SEGUROS DE VIDA | B20: =+'COMPAÑIAS VIDA'!P9 -> 0
A21: =+'COMPAÑIAS VIDA'!A10 -> COLMENA SEGUROS DE VIDA | B21: =+'COMPAÑIAS VIDA'!P10 -> 0.1
A22: =+'COMPAÑIAS VIDA'!A11 -> MAPFRE SEGUROS DE VIDA | B22: =+'COMPAÑIAS VIDA'!P11 -> -0.09
A23: =+'COMPAÑIAS VIDA'!A12 -> LA EQUIDAD SEGUROS DE VIDA OC | B23: =+'COMPAÑIAS VIDA'!P12 -> 0
A24: =+'COMPAÑIAS VIDA'!A13 -> AXA COLPATRIA SEGUROS DE VIDA | B24: =+'COMPAÑIAS VIDA'!P13 -> 0.04
A25: =+'COMPAÑIAS VIDA'!A14 -> BMI COMPAÑÍA DE SEGUROS DE VIDA | B25: =+'COMPAÑIAS VIDA'!P14 -> 0.09
A26: =+'COMPAÑIAS VIDA'!A15 -> SEGUROS DE VIDA AURORA | B26: =+'COMPAÑIAS VIDA'!P15 -> 0.02

Sheet CAPITAL DE TRABAJO
A2: COMPAÑÍA | B2: CAPITAL DE TRABAJO
A3: =+'COMPAÑIAS GENERALES'!A6 -> SURAMERICANA SEGUROS GENERALES | B3: =+'COMPAÑIAS GENERALES'!Q6 -> 354413024876
A4: =+'COMPAÑIAS GENERALES'!A7 -> MAPFRE SEGUROS GENERALES | B4: =+'COMPAÑIAS GENERALES'!Q7 -> 202553860229
A5: =+'COMPAÑIAS GENERALES'!A8 -> SEGUROS PREVISORA | B5: =+'COMPAÑIAS GENERALES'!Q8 -> 1530081885358
A6: =+'COMPAÑIAS GENERALES'!A9 -> ASEGURADORA SOLIDARIA | B6: =+'COMPAÑIAS GENERALES'!Q9 -> 152350960631
A7: =+'COMPAÑIAS GENERALES'!A10 -> SEGUROS DEL ESTADO | B7: =+'COMPAÑIAS GENERALES'!Q10 -> 617338107791
A8: =+'COMPAÑIAS GENERALES'!A11 -> CHUBB SEGUROS | B8: =+'COMPAÑIAS GENERALES'!Q11 -> 80980020632
A9: =+'COMPAÑIAS GENERALES'!A12 -> ALLIANZ SEGUROS | B9: =+'COMPAÑIAS GENERALES'!Q12 -> 317281215709
A10: =+'COMPAÑIAS GENERALES'!A13 -> HDI SEGUROS GENERALES | B10: =+'COMPAÑIAS GENERALES'!Q13 -> 1369480623701
A11: =+'COMPAÑIAS GENERALES'!A14 -> SEGUROS MUNDIAL | B11: =+'COMPAÑIAS GENERALES'!Q14 -> 1238396600406
A12: =+'COMPAÑIAS GENERALES'!A15 -> AXA COLPATRIA | B12: =+'COMPAÑIAS GENERALES'!Q15 -> 920424667337
A13: =+'COMPAÑIAS GENERALES'!A16 -> ZURICH SEGUROS | B13: =+'COMPAÑIAS GENERALES'!Q16 -> 401482454306
A14: =+'COMPAÑIAS GENERALES'!A17 -> SBS SEGUROS | B14: =+'COMPAÑIAS GENERALES'!Q17 -> 918619287257
... A16: =+'COMPAÑIAS GENERALES'!A19 -> SEGUROS CONFIANZA | B16: =+'COMPAÑIAS GENERALES'!Q19 -> 448805738564
A17: =+'COMPAÑIAS VIDA'!A6 -> SURAMERICANA SEGUROS DE VIDA | B17: =+'COMPAÑIAS VIDA'!Q6 -> 3767249499089
A18: =+'COMPAÑIAS VIDA'!A7 -> SEGUROS DE VIDA DEL ESTADO | B18: =+'COMPAÑIAS VIDA'!Q7 -> 95911863675
A19: =+'COMPAÑIAS VIDA'!A8 -> POSITIVA SEGUROS | B19: =+'COMPAÑIAS VIDA'!Q8 -> 1031220950993
A20: =+'COMPAÑIAS VIDA'!A9 -> ALLIANZ SEGUROS DE VIDA | B20: =+'COMPAÑIAS VIDA'!Q9 -> 400936845047
A21: =+'COMPAÑIAS VIDA'!A10 -> COLMENA SEGUROS DE VIDA | B21: =+'COMPAÑIAS VIDA'!Q10 -> 74535621920
A22: =+'COMPAÑIAS VIDA'!A11 -> MAPFRE SEGUROS DE VIDA | B22: =+'COMPAÑIAS VIDA'!Q11 -> 635340255067
A23: =+'COMPAÑIAS VIDA'!A12 -> LA EQUIDAD SEGUROS DE VIDA OC | B23: =+'COMPAÑIAS VIDA'!Q12 -> 4772441168
A24: =+'COMPAÑIAS VIDA'!A13 -> AXA COLPATRIA SEGUROS DE VIDA | B24: =+'COMPAÑIAS VIDA'!Q13 -> 1608849757810
A25: =+'COMPAÑIAS VIDA'!A14 -> BMI COMPAÑÍA DE SEGUROS DE VIDA | B25: =+'COMPAÑIAS VIDA'!Q14 -> 22887283162
A26: =+'COMPAÑIAS VIDA'!A15 -> SEGUROS DE VIDA AURORA | B26: =+'COMPAÑIAS VIDA'!Q15 -> 42185934200
